Map: Dash and Terminal LE (Void)

Players

Beastyqt - Winner!

  • Race: Terran Terran
  • League: Master

TOP

  • Race: Terran Terran
  • League: Master

Event: Lycan League Weekly August #1

VOD

Have the link to the VOD?

Description

Time

  • Played on: Aug. 3, 2015, 2:10 p.m.
  • Length: 17:11

All games in this series

Show
View Real Time Build Order
Export as new Build Order

Beastyqt Terran - Winner!

Build Orders: 1/1/1, Siege Tank Drop 

Get SALT Encoding   

  12  0:01  SCV  
  13  0:13  SCV  
  14  0:18  Supply Depot  
  14  0:25  SCV  
  15  0:28  Refinery  
  15  0:40  SCV  
  16  0:46  Barracks  
  16  0:52  SCV  
  17  1:04  SCV  
  18  1:16  SCV  
  19  1:33  Orbital Command  
  19  1:34  Factory  
  19  1:35  Marine  
  20  1:45  Refinery  
  20  1:46  Supply Depot  
  20  1:53  Marine  
  21  1:59  SCV  
  21  2:11  SCV, Marine  
  23  2:18  Starport, Widow Mine  
  25  2:25  SCV  
  27  2:32  Supply Depot  
  27  2:34  Barracks Reactor  
  27  2:37  SCV  
  27  2:47  Hellion  
  27  2:49  SCV  
  30  2:55  Viking  
  32  3:02  Supply Depot  
  32  3:03  SCV  
  33  3:16  SCV, Factory Tech Lab  
  34  3:32  SCV  
  35  3:35  Viking x2  
  35  3:36  Siege Tank  
  42  3:44  SCV  
  42  3:47  Supply Depot  
  43  3:56  SCV  
  42  4:03  Command Center  
  42  4:07  Viking  
  44  4:12  Medivac  
  47  4:23  Supply Depot  
  46  4:26  SCV, Engineering Bay  
  47  4:37  Siege Tank  
  50  4:38  SCV  
  51  4:50  SCV  
  48  4:55  Viking, Missile Turret  
  47  5:02  SCV  
  42  5:15  SCV  
  42  5:18  Missile Turret  
  43  5:27  SCV, Siege Tank  
  47  5:32  Medivac  
  49  5:45  Orbital Command  
  49  5:49  SCV  
  49  6:01  SCV  
  48  6:13  SCV  
  48  6:15  SCV  
  50  6:22  Viking  
  50  6:25  SCV  
  52  6:28  SCV  
  52  6:37  SCV, Siege Tank  
  56  6:47  SCV  
  57  6:56  SCV  
  58  7:01  SCV  
  58  7:08  SCV  
  60  7:13  SCV  
  64  7:15  Siege Tank  
  64  7:19  Supply Depot  
  64  7:20  SCV  
  65  7:33  Marine  
  60  7:38  SCV  
  60  7:43  Viking  
  59  7:51  Marine  
  60  7:53  Viking  
  60  7:54  Orbital Command  
  65  7:58  Siege Tank  
  65  8:00  SCV  
  66  8:13  SCV  
  67  8:24  SCV  
  67  8:25  SCV  
  69  8:27  Missile Turret  
  69  8:28  Barracks Tech Lab  
  69  8:34  Viking  
  69  8:38  Refinery  
  69  8:40  SCV, Refinery  
  72  8:46  SCV  
  73  8:53  SCV, Viking  
  76  8:59  SCV  
  75  9:04  Viking  
  75  9:05  SCV  
  78  9:11  SCV  
  77  9:17  SCV  
  77  9:18  Siege Tank  
  77  9:21  Supply Depot  
  77  9:22  Supply Depot  
  77  9:23  SCV  
  82  9:29  Medivac  
  82  9:30  Marine  
  85  9:31  SCV  
  82  9:44  Combat Shields  
  82  9:47  SCV, Barracks  
  82  9:48  Barracks x2  
  82  9:49  Terran Infantry Weapons Level 1  
  83  10:02  Supply Depot  
  83  10:03  SCV  
  84  10:08  Siege Tank  
  85  10:16  Marine, Medivac  
  88  10:34  Marine  
  89  10:40  Marine  
  89  10:41  Marine  
  88  10:49  Siege Tank, Marine  
  82  10:52  Marine  
  76  10:57  SCV  
  76  11:01  SCV  
  78  11:06  Barracks Reactor  
  78  11:08  Command Center  
  78  11:11  Marine x2  
  80  11:14  Stimpack  
  80  11:16  Marine  
  79  11:22  Siege Tank  
  82  11:28  Marine  
  82  11:30  SCV  
  80  11:39  SCV  
  70  11:40  Marine  
  70  11:41  Marine  
  70  11:45  SCV  
  67  11:51  SCV  
  67  11:52  Marine x2  
  61  11:59  SCV  
  58  12:05  SCV  
  58  12:12  SCV  
  58  12:13  Marine x2  
  60  12:18  SCV  
  61  12:24  SCV  
  62  12:32  Marine x2  
  65  12:40  Orbital Command  
  65  12:42  SCV  
  66  12:46  SCV  
  66  12:50  Barracks Reactor, Terran Infantry Armor Level 1  
  66  12:53  Barracks Reactor  
  66  12:55  SCV, Marine  
  67  12:58  SCV  
  68  13:10  Marine x2  
  68  13:11  Siege Tank  
  73  13:20  Marine  
  73  13:26  Marine x2  
  78  13:27  SCV, Marine  
  78  13:28  SCV, Marine  
  78  13:30  SCV  
  83  13:38  Marine  
  83  13:40  SCV  
  82  13:44  Marine  
  61  13:57  Marine x2  
  61  13:59  Starport  
  57  14:14  Starport  
  56  14:30  Orbital Command  
  52  14:58  Starport Tech Lab  
  52  15:14  Viking, Starport Tech Lab  
  54  15:21  SCV, Cloaking Field  
  54  15:22  Banshee  
  58  15:35  Banshee  
  59  15:46  SCV  
  59  15:49  Supply Depot  
  59  16:07  Banshee  
  62  16:12  Supply Depot  
  62  16:31  Supply Depot  
  62  16:33  Supply Depot  
  62  16:52  Supply Depot  
Show
View Real Time Build Order
Export as new Build Order

TOP Terran 

Build Orders: 1/1/1, Banshee Rush, Siege Tank Drop 

Get SALT Encoding   

  12  0:00  SCV  
  13  0:13  SCV  
  14  0:19  Supply Depot  
  14  0:25  SCV  
  15  0:40  SCV  
  15  0:42  Barracks  
  16  0:46  Refinery  
  16  0:51  Refinery  
  16  0:53  SCV  
  17  1:05  SCV  
  18  1:17  SCV  
  19  1:29  Orbital Command  
  19  1:30  Marine  
  20  1:34  Factory  
  20  1:42  Supply Depot  
  20  1:47  Marine  
  21  1:55  SCV  
  22  2:05  Marine  
  22  2:07  SCV  
  24  2:19  SCV, Starport  
  24  2:20  Supply Depot  
  25  2:26  Factory Tech Lab, Marine  
  26  2:32  SCV  
  27  2:44  SCV, Siege Tank  
  28  2:48  Supply Depot  
  31  2:56  Medivac  
  33  3:01  Marine  
  34  3:16  Barracks  
  34  3:17  Barracks  
  34  3:20  Barracks Reactor  
  34  3:27  Supply Depot  
  34  3:32  Banshee, Cloaking Field  
  37  3:38  Factory Tech Lab  
  32  3:50  Supply Depot  
  32  4:02  Siege Tank  
  34  4:07  Marine x2  
  34  4:08  Marine  
  38  4:10  Marine  
  38  4:17  Banshee  
  41  4:25  Marine  
  41  4:27  Supply Depot  
  42  4:31  Marine  
  42  4:35  Marine x2  
  45  4:43  Marine  
  46  4:49  Marine  
  47  4:54  Marine  
  48  5:02  Marine  
  49  5:13  Marine  
  46  5:18  Siege Tank  
  46  5:19  Marine  
  46  5:20  Medivac  
  46  5:21  Medivac  
  53  5:29  Marine  
  53  5:31  Marine  
  55  5:36  Supply Depot  
  55  5:37  Marine  
  56  5:47  Marine  
  56  5:49  Marine  
  58  5:55  Marine  
  57  6:05  Medivac x2  
  57  6:06  Marine  
  63  6:15  Command Center  
  62  6:25  Marine x2  
  68  6:43  Marine  
  69  6:52  Factory Tech Lab  
  69  6:54  Marine x2  
  63  6:56  Viking x2  
  63  6:57  Factory Tech Lab  
  64  7:01  Marine  
  59  7:11  Marine  
  59  7:12  Marine  
  59  7:28  Viking  
  59  7:46  Viking  
  61  7:54  Orbital Command  
  59  8:00  Viking  
  61  8:11  Marine  
  61  8:12  Marine  
  63  8:16  Viking  
  63  8:17  SCV  
  66  8:38  Marine x2  
  66  8:39  Marine  
  69  8:56  Marine  
  69  9:02  Viking x2  
  63  9:15  Marine x3  
  66  9:25  SCV  
  67  9:32  Medivac x2  
  67  9:33  Marine  
  67  9:34  SCV  
  73  9:43  Marine  
  73  9:45  Barracks Tech Lab  
  73  9:47  SCV  
  73  9:48  SCV  
  75  9:54  Siege Tank  
  75  9:59  SCV  
  75  10:14  Viking x2  
  79  10:41  Marine  
  79  10:42  Marine  
  66  10:51  Marine  
  66  10:53  SCV x2  
  66  10:54  Factory Tech Lab  
  56  10:57  Viking x2  
  56  10:59  Marine x2  
  56  11:01  Stimpack  
  58  11:05  SCV x2  
  58  11:06  Refinery  
  58  11:07  Refinery  
  58  11:09  Marine  
  61  11:17  SCV x2, Marine  
  64  11:23  Marine  
  63  11:27  Viking  
  63  11:29  Marine  
  58  11:35  Marine  
  52  11:41  Marine  
  49  11:47  Marine  
  49  11:53  Marine  
  50  11:59  Marine  
  47  12:05  Marine  
  47  12:07  SCV x2  
  48  12:10  Marine  
  48  12:13  Medivac x2  
  48  12:17  Marine  
  48  12:19  SCV  
  48  12:20  SCV  
  48  12:22  Supply Depot  
  50  12:28  Barracks, Marine  
  50  12:29  Siege Tank  
  54  12:31  SCV  
  54  12:32  SCV  
  56  12:41  Marine  
  56  12:42  Marine  
  56  12:44  SCV x2  
  60  12:46  Marine, Medivac  
  60  12:48  Medivac  
  65  12:56  SCV  
  66  13:04  Marine  
  62  13:15  Command Center  
  26  14:49  Command Center  

Tags
 
Add a new tag
Caveats
  • Supply blocks, unpowered buildings, or Contaminate may cause inaccurate times.
  • Supply counts are checked every 10 seconds.